[Event "Late-Titled-Tuesday-Blitz-November-28-2023"]
[Site "Chess.com"]
[Date "2023.11.28"]
[Round "3"]
[White "falzehope0"]
[Black "Hoshka"]
[Result "1/2-1/2"]
[WhiteElo "2359"]
[BlackElo "2137"]
[TimeControl "180+1"]
[EndTime "14:28:26 PST"]
[Termination "Game drawn by stalemate"]

1. d4 d5 2. e3 Nf6 3. Bd3 Bg4 4. Ne2 c5 5. c3 e6 6. Nd2 Nc6 7. f4 h5 8. O-O h4 9. Nf3 h3 10. g3 Be7 11. b3 cxd4 12. Nexd4 Qa5 13. Qe1 Ne4 14.
Bb2 Rc8 15. b4 Qd8 16. Nxc6 bxc6 17. Bxe4 dxe4 18. Ne5 Bf5 19. Rd1 Qb6 20. g4 Bh7 21. g5 Bf5 22. Qe2 g6 23. a3 a5 24. Rd7 Rd8 25. Qd2 Rxd7 26. Qxd7+ Kf8 27. Nc4 Qb5 28. Qd4 Rh7 29. Rd1 Qd5 30. Qxd5 exd5 31. Nxa5 Bd7 32. Nb7 Rh8 33. c4 Rh4 34. cxd5 cxd5 35. Nc5 Bc6 36. Bd4 Rg4+ 37. Kf1 Rg2 38. Rb1 Bb5+ 39. Ke1 Rg1+ 40. Kd2 Rxb1 41. a4 Bc4 42. b5 Rb2+ 43. Bxb2 Bxc5 44. Bd4 Bxd4 45. exd4 Ke8 46. b6 Kd7 47. a5 Kc6 48. Kc3 Ba6 49. Kb4 e3 50. Kc3 e2 51. Kd2 Kb7 52. Ke1 Bc4 53. Kd2 Ka6 54.
Ke1 Bb5 55. Kd2 Bc6 56. Ke1 Kxa5 57. b7 Bxb7 58. f5 gxf5 59. Kf2 Bc6 60. Ke1 Bb5 61.
Kf2 Kb4 62. Ke1 Kc3 63. g6 fxg6 64. Kf2 Kxd4 65. Ke1 Ke4 66. Kd2 d4 67. Ke1 d3 68.
Kf2 f4 69. Ke1 f3 70. Kf2 d2 71. Kg3 e1=Q+ 72. Kg4 Qg1+ 73. Kh4 Qg2 1/2-1/2

[Event "Late-Titled-Tuesday-Blitz-November-28-2023"]
[Site "Chess.com"]
[Date "2023.11.28"]
[Round "3"]
[White "tolimachess"]
[Black "RodokininEV"]
[Result "1-0"]
[WhiteElo "2395"]
[BlackElo "2579"]
[TimeControl "180+1"]
[EndTime "14:28:31 PST"]
[Termination "tolimachess won by resignation"]

1. e4 c5 2. Nc3 d6 3. g3 g6 4.
Bg2 Bg7 5. Nge2 e6 6. O-O Nc6 7. d3 Nge7 8. Be3 Nd4 9. Qd2 h6 10.
Rac1 Rb8 11. a4 a6 12. f4 b5 13. axb5 axb5 14. g4 b4 15. Nd1 f5 16. h3 O-O 17.
Ng3 Nec6 18. Qf2 Qh4 19. gxf5 gxf5 20. c3 bxc3 21. bxc3 Nb3 22. Rc2 Bd7 23. exf5 exf5 24. Rb2 Kh8 25. Bd5 Nba5 26. Rxb8 Rxb8 27. Kh2 Ne7 28.
Bg2 Bc6 29. Rg1 Rg8 30. Bxc6 Naxc6 31. d4 Bf6 32. dxc5 d5 33. Ne2 Qxf2+ 34. Nxf2 Rb8 35. Nd3 Rb3 36. Rc1 d4 37. Bd2 Kh7 38. Ne1 Rb2 39. Nf3 dxc3 40. Nxc3 Nd4 41. Nd1 Nxf3+ 42. Kg3 Rxd2 43. Kxf3 Nc6 44. Ne3 Kg6 45. Rg1+ Kf7 46. Nxf5 h5 47. Nd6+ Ke7 48. Re1+ Kd8 49. Ne4 Rd3+ 50.
Kg2 Be7 51. f5 Rd4 52. f6 Bf8 53. Ng5 Rc4 54. Rd1+ Rd4 55. Ne6+ Ke8 56. Nxd4 Ne5 57. Re1 Kf7 58. Rxe5 Kxf6 59. Rd5 h4 60. c6 Bh6 61. c7 Bf4 62. c8=Q 1-0

[Event "Late-Titled-Tuesday-Blitz-November-28-2023"]
[Site "Chess.com"]
[Date "2023.11.28"]
[Round "3"]
[White "WPWPWP-2015"]
[Black "MeisterJabo"]
[Result "1-0"]
[WhiteElo "2536"]
[BlackElo "2260"]
[TimeControl "180+1"]
[EndTime "14:28:31 PST"]
[Termination "WPWPWP-2015 won on time"]

1. e4 e5 2. Nf3 Nc6 3. Bb5 a6 4. Bxc6 dxc6 5. h3 f6 6. O-O c5 7.
b3 Ne7 8. Bb2 Nc6 9. d3 Be6 10. Nbd2 Qd7 11. Re1 g5 12. Nc4 h5 13.
Ne3 g4 14. Nh4 Rg8 15. Nef5 gxh3 16. g3 O-O-O 17. Kh2 Rg5 18. Qf3 Be7 19. a3 Rdg8 20.
Rad1 Bf8 21. Rd2 Ne7 22. b4 Nxf5 23. exf5 Bxf5 24. bxc5 Bxc5 25. d4 exd4 26. Rde2 Rd8 27. Bc1 Bg4 28. Qxf6 Rg7 29. Rd2 Rf7 30. Qg5 Rdf8 31.
Rf1 Bd6 32. f4 Qb5 33. Qxb5 axb5 34. Rxd4 b6 35. Rd2 Re8 36. Rdf2 Kb7 37. f5 Ra8 38. c3 Bxa3 39. Bxa3 Rxa3 40. Rc2 c5 41. f6 Ra7 42. Ng6 Ra8 43. Ne5 Rc7 44. f7 Rf8 45.
Rd2 Re7 46. Rd5 Be6 47. Rd6 Bxf7 48. Ng6 Bxg6 49. Rxf8 Re2+ 50. Kxh3 Be4 51. Kh4 Bc6 52. Kxh5 Rh2+ 53. Kg4 Bg2 54. Rf7+ Ka6 55. Rd8 b4 56. Rff8 bxc3 57. Rd3 c2 58. Rc3 Be4 59. Kf4 Bg6 60. Ke3 Rg2 61. Rf6 Bh7 62. Kf3 Rh2 63. Rxc5 1-0

[Event "Late-Titled-Tuesday-Blitz-November-28-2023"]
[Site "Chess.com"]
[Date "2023.11.28"]
[Round "3"]
[White "zverr1"]
[Black "expii"]
[Result "1-0"]
[WhiteElo "2526"]
[BlackElo "2238"]
[TimeControl "180+1"]
[EndTime "14:28:34 PST"]
[Termination "zverr1 won on time"]

1. e4 c5 2. Nf3 d6 3. Nc3 Nf6 4. e5 dxe5 5. Nxe5 Nbd7 6. d4 Nxe5 7. dxe5 Qxd1+ 8. Kxd1 Ng4 9. Bb5+ Bd7 10. e6 Bxb5 11.
Nxb5 O-O-O+ 12. Ke2 fxe6 13. Nxa7+ Kb8 14. Nb5 g6 15. h3 Ne5 16. Bf4 Bg7 17. a4 Kc8 18. Rhd1 Nc6 19. c3 e5 20. Bg3 Bf6 21.
a5 Rxd1 22. Kxd1 Rd8+ 23. Ke2 e6 24. a6 bxa6 25. Rxa6 Kb7 26. Ra1 h5 27. f3 Rd5 28.
Bf2 g5 29. Na3 g4 30. hxg4 hxg4 31. Nc4 e4 32. fxe4 Rh5 33. Rd1 Rh2 34. Kf1 Kc8 35. Kg1 Rh5 36. Bg3 Ne5 37. Nxe5 Bxe5 38. Bxe5 Rxe5 39.
Re1 Kc7 40. Kf2 c4 41. Kg3 Rb5 42. Re2 Kd6 43. Kxg4 Ke5 44. Kf3 Rb8 45. Ke3 Rg8 46. Rf2 Rg3+ 47. Ke2 Kxe4 48. Kf1 Kd5 49. Rd2+ Kc5 50.
Re2 Rg6 51. Kf2 Kd5 52. Kf3 Rf6+ 53. Ke3 Rg6 54. Kf4 Rf6+ 55. Kg5 Rf5+ 56. Kg6 Rf4 57.
Kg5 Rf8 58. g4 Rg8+ 59. Kh5 Rh8+ 60. Kg6 Rg8+ 61. Kf6 Rxg4 62. Rd2+ Kc5 63. Kxe6 Rg6+ 64. Kf5 Rb6 65. Ke5 1-0

[Event "Late-Titled-Tuesday-Blitz-November-28-2023"]
[Site "Chess.com"]
[Date "2023.11.28"]
[Round "3"]
[White "e4evr"]
[Black "zouchen6"]
[Result "1/2-1/2"]
[WhiteElo "2134"]
[BlackElo "2720"]
[TimeControl "180+1"]
[EndTime "14:28:37 PST"]
[Termination "Game drawn by repetition"]

1. e4 c5 2. Nf3 d6 3. d4 cxd4 4.
Nxd4 Nf6 5. Nc3 a6 6. a4 g6 7. Be2 Bg7 8. Be3 O-O 9. O-O Bd7 10. f3 Nc6 11. Qd2 Rc8 12. Nxc6 Bxc6 13. a5 Nd7 14.
Bh6 Qc7 15. Bxg7 Kxg7 16. Rfd1 Nf6 17. Qd4 Rfd8 18. Bd3 e5 19. Qf2 d5 20. exd5 Nxd5 21. Ne4 Nf4 22. Bf1 Rxd1 23. Rxd1 Bxe4 24. fxe4 Qxc2 25.
Qxc2 Rxc2 26. b4 Rb2 27. b5 axb5 28. Rd7 Ra2 29. Rxb7 Rxa5 30. Rxb5 Rxb5 31. Bxb5 Ne6 32. Kf2 Kf6 33. Ke3 Ke7 34. Bc4 Nc5 35. g3 f5 36.
exf5 gxf5 37. Bg8 h6 38. Ba2 Kf6 39. Bb1 Ne6 40. Bc2 h5 41. Bd1 h4 42. Be2 Kg5 43. Bc4 Nd4 44. Kf2 e4 45. Ba6 Nf3 46. Kg2 Ne1+ 47. Kf2 Nc2 48. Kg2 Nd4 49. Bb7 Ne6 50. Ba6 Ng7 51. Be2 Nh5 52. Kf2 Nf6 53. Bd1 h3 54. Be2 Ng4+ 55. Kg1 Ne5 56. Bf1 Nf3+ 57. Kf2 Kg4 58. Be2 f4 59. Bxf3+ exf3 60. gxf4 Kxf4 61. Kf1 Ke3 62. Ke1 Ke4 63. Kf2 Kf4 64. Kf1 Ke4 65.
Kf2 Kf4 1/2-1/2

[Event "Late-Titled-Tuesday-Blitz-November-28-2023"]
[Site "Chess.com"]
[Date "2023.11.28"]
[Round "3"]
[White "sakkikuska"]
[Black "Hilary46"]
[Result "0-1"]
[WhiteElo "2397"]
[BlackElo "2627"]
[TimeControl "180+1"]
[EndTime "14:28:43 PST"]
[Termination "Hilary46 won by resignation"]

1. e4 e5 2. Nf3 Nc6 3. Bb5 a6 4.
Bxc6 dxc6 5. Nc3 f6 6. d4 exd4 7. Qxd4 Qxd4 8. Nxd4 c5 9. Nb3 Be6 10. Be3 b6 11. O-O-O Bd6 12. f4 O-O-O 13. Rhe1 Ne7 14.
g3 Nc6 15. Nd5 Nb4 16. Nxb4 cxb4 17. Nd4 Bf7 18. Nf5 Bf8 19. Rxd8+ Kxd8 20. Rd1+ Kc8 21.
Nd4 Kb7 22. e5 fxe5 23. fxe5 Bc5 24. Nf5 Bxe3+ 25. Nxe3 Be6 26. Nd5 a5 27. Nf4 Bg4 28. Re1 Re8 29. h3 Be6 30. b3 g5 31. Nxe6 Rxe6 32. Kd2 Kc6 33. Rf1 Rxe5 34. Rf7 Rd5+ 35. Ke2 h6 36. h4 gxh4 37. gxh4 Rh5 38. Rf4 Kd6 39. Kd3 Rd5+ 40. Ke3 Rc5 41. Kd3 Ke6 42. Rf8 Rc3+ 43. Kd2 Rh3 44. Rf4 h5 45. Ke2 Ke5 46.
Rc4 c5 47. Kd2 Rh1 48. Ke3 Ra1 49. Re4+ Kd6 50. Kd2 Rxa2 51. Re1 a4 52. bxa4 Rxa4 53. Rg1 b3 54. cxb3 Rxh4 55. Rg6+ Kc7 56. Kc3 Rg4 57. Rh6 h4 58. Rh7+ Kc6 59. Rh6+ Kb5 60. Rh5 Rg3+ 61. Kb2 h3 62. Rh4 Rf3 63. Ka3 Ka5 64. Ra4+ Kb5 65. Rh4 Kc6 66. Rh6+ Kc7 67. Rh7+ Kd6 68. Rh6+ Ke5 69.
Rxb6 Kf4 70. Rh6 Kg3 71. Rh5 h2 72. Ka4 Kg2 73. Rg5+ Rg3 74. Rh5 h1=Q 75. Rxh1 Kxh1 76. b4 cxb4 77. Kxb4 Kg2 0-1

[Event "Late-Titled-Tuesday-Blitz-November-28-2023"]
[Site "Chess.com"]
[Date "2023.11.28"]
[Round "3"]
[White "ATM622"]
[Black "FaustinoOro"]
[Result "0-1"]
[WhiteElo "2482"]
[BlackElo "2848"]
[TimeControl "180+1"]
[EndTime "14:28:46 PST"]
[Termination "FaustinoOro won by checkmate"]

1. d4 Nf6 2. c4 e6 3. g3 d5 4. Bg2 Be7 5. Nf3 O-O 6. O-O dxc4 7.
Ne5 Nc6 8. Bxc6 bxc6 9. Nxc6 Qd7 10. Nxe7+ Qxe7 11. Qc2 e5 12. dxe5 Qxe5 13. Bf4 Qe6 14. Na3 Bb7 15. f3 Rfe8 16. Qxc4 Qb6+ 17. Kh1 Qxb2 18. Rab1 Qxa3 19. Rxb7 h6 20. Qxc7 Qxa2 21. Rf2 a5 22. e4 Qe6 23. Rb6 Qh3 24. Rb7 Qe6 25. Rb6 Qe7 26. Qxe7 Rxe7 27. Bxh6 Nd7 28. Bg5 f6 29. Rb7 fxg5 30. Rd2 Rd8 31. Ra7 Kf7 32. Rxa5 g4 33. Rf5+ Ke8 34. Rh5 Nf8 35. Rxd8+ Kxd8 36. Rd5+ Ke8 37. Kg2 gxf3+ 38. Kxf3 Nd7 39. Kf4 Kf7 40. e5 Nf8 41. Rd6 Ng6+ 42. Kf3 Nxe5+ 43. Kg2 Nd7 44.
h4 Nf6 45. Kh3 Kg6 46. Rd4 Re3 47. Kg2 Kf5 48. Rf4+ Ke5 49. Ra4 Ne4 50. Ra5+ Kf6 51. Ra6+ Kf7 52. Ra7+ Kg8 53. Re7 Rxg3+ 54. Kh2 Rg4 55. Kh3 Nf2+ 56. Kh2 Re4 57. Rc7 Ng4+ 58. Kg3 Nf6 59. Rc6 Kh7 60. Rb6 Kg6 61. Rb7 Kf5 62. Rxg7 Nh5+ 63. Kf3 Nxg7 64. h5 Nxh5 65. Kf2 Kf4 66. Kg2 Kg4 67. Kf2 Nf4 68. Kf1 Kg3 69. Kg1 Re1# 0-1

[Event "Late-Titled-Tuesday-Blitz-November-28-2023"]
[Site "Chess.com"]
[Date "2023.11.28"]
[Round "3"]
[White "Dzidzik2203"]
[Black "Squirlolz"]
[Result "1-0"]
[WhiteElo "2395"]
[BlackElo "2572"]
[TimeControl "180+1"]
[EndTime "14:28:47 PST"]
[Termination "Dzidzik2203 won by checkmate"]

1. Nf3 g6 2. e3 Bg7 3. d4 b6 4.
Bd3 Bb7 5. O-O f5 6. Nbd2 Nf6 7. Re1 O-O 8. c3 Nc6 9. e4 fxe4 10. Nxe4 e6 11. Bg5 Qe8 12. Bxf6 Bxf6 13. h4 Ne7 14. h5 gxh5 15. Ne5 Nf5 16. Qf3 Kh8 17. Nxf6 Qc8 18. Ba6 Bxa6 19. Nfxd7 Rg8 20. Qxh5 Rg7 21. Nf7+ Kg8 22. Nf6+ Kf8 23. Ng5 Bc4 24. Nfxh7+ Ke7 25. Re5 Qh8 26. Rae1 Kd7 27. Qh3 Re8 28. d5 Kc8 29. dxe6 Nd6 30. e7+ Kb8 31. Nf6 Qxh3 32. Nxh3 Rf7 33. Nxe8 Nxe8 34. Ng5 Rg7 35. Ne4 Bf7 36.
Nf6 Nxf6 37. e8=Q+ Nxe8 38. Rxe8+ Bxe8 39. Rxe8+ Kb7 40. Re3 a5 41. f3 a4 42. g4 Rd7 43. Kf2 a3 44. bxa3 Rd2+ 45. Re2 Rd3 46. g5 Rxc3 47.
g6 Rc6 48. g7 Rg6 49. Re7 Kc6 50. Rf7 Kd6 51. f4 c5 52. f5 Rg5 53. f6 Ke6 54. Rf8 c4 55. g8=Q+ Rxg8 56. Rxg8 Kxf6 57. Rc8 Ke5 58. Rxc4 Kd5 59. Rb4 Kc5 60. Ke2 Kc6 61. Kd2 Kc5 62. Kc2 Kc6 63. Kb2 Kc5 64. Kb1 Kc6 65. Kb2 Kc5 66. Kc3 Kc6 67. Kd3 Kc7 68.
Ke4 Kc6 69. Kf5 Kc5 70. Kg6 Kc6 71. Kf7 Kc7 72. Ke8 Kc6 73. Ke7 Kc5 74. Kf6 Kc6 75.
Ke5 Kc7 76. Kd5 Kb7 77. Rb5 Ka6 78. Kc6 Ka7 79. Rxb6 Ka8 80. Kc7 Ka7 81. Rc6 Ka8 82. Ra6# 1-0

[Event "Late-Titled-Tuesday-Blitz-November-28-2023"]
[Site "Chess.com"]
[Date "2023.11.28"]
[Round "3"]
[White "Thormento16"]
[Black "Ellaijio_B"]
[Result "1/2-1/2"]
[WhiteElo "2394"]
[BlackElo "2778"]
[TimeControl "180+1"]
[EndTime "14:28:50 PST"]
[Termination "Game drawn by repetition"]

1. e4 e6 2. d4 d5 3. exd5 exd5 4. Bd3 Bd6 5. Nf3 Nc6 6. c3 Nge7 7. O-O Bg4 8. h3 Bh5 9. Bg5 f6 10. Bh4 Qd7 11. Bg3 O-O-O 12. Bxd6 Qxd6 13. Nbd2 g5 14. b4 Bg6 15. Nb3 Rdg8 16. Nc5 h5 17. b5 Nd8 18.
Qa4 Kb8 19. Rab1 Bxd3 20. Nxd3 g4 21. Nh4 gxh3 22. g3 Rxg3+ 23. fxg3 Qxg3+ 24. Kh1 Qxh4 25. Nc5 Rg8 26. Nd7+ Ka8 27. Nxf6 Rg2 28. b6 Ndc6 29. Nxh5 Rg8 30. Nf6 Qg3 31. Rb2 Qg2+ 32. Rxg2 hxg2+ 33. Kg1 gxf1=Q+ 34. Kxf1 Rf8 35. bxc7 Rxf6+ 36. Ke2 Rf8 37. Qa3 Rc8 38. Qd6 b6 39. c4 Nxd4+ 40.
Kd1 Ndc6 41. cxd5 Kb7 42. dxc6+ Nxc6 43. Kc1 Rxc7 44. Kb1 a6 45. Qd5 b5 46. a3 Kb6 47.
Qe4 Na5 48. Qd4+ Kb7 49. a4 Nc6 50. Qe4 b4 51. Kb2 a5 52. Kb3 Rd7 53. Kb2 Rd2+ 54. Kb1 Rd4 55. Qf5 Kc7 56. Qf7+ Kd6 57. Qf6+ Kc5 58. Qf5+ Rd5 59. Qc8 Re5 60. Qb7 Kd6 61. Qb6 Re1+ 62. Kb2 Re2+ 63. Kb1 Re5 64. Kb2 Rc5 65.
Kb1 Rc3 66. Kb2 Ra3 67. Qb5 Rc3 68. Qb6 Rc5 69. Qb7 Kd5 70. Qd7+ Kc4 71. Qe6+ Kd4 72. Qd6+ Kc4 73. Qe6+ Kd3 74. Qd6+ Kc4 75. Qe6+ 1/2-1/2

[Event "Late-Titled-Tuesday-Blitz-November-28-2023"]
[Site "Chess.com"]
[Date "2023.11.28"]
[Round "3"]
[White "OneTrickPony_82"]
[Black "NikolaGry"]
[Result "0-1"]
[WhiteElo "2495"]
[BlackElo "2711"]
[TimeControl "180+1"]
[EndTime "14:28:51 PST"]
[Termination "NikolaGry won on time"]

1. d4 g6 2. e4 Bg7 3. Nf3 d6 4. Be3 Nf6 5. Nc3 Bg4 6. Qd2 Nbd7 7.
Bh6 Bxh6 8. Qxh6 Bxf3 9. gxf3 c6 10. O-O-O Qa5 11. Be2 b5 12. a3 b4 13. Nb1 Rb8 14.
Qd2 c5 15. dxc5 Nxc5 16. Bc4 O-O 17. h4 Kh8 18. h5 g5 19. h6 Qb6 20. Qxg5 Rg8 21.
Qe3 bxa3 22. Qxa3 Qb4 23. Qxb4 Rxb4 24. Bxf7 Rgb8 25. b3 a5 26. Nc3 a4 27. Nxa4 Nxa4 28.
bxa4 Rxa4 29. Bb3 Ra5 30. Kd2 Rf8 31. Ke3 Re5 32. Ra1 Nd7 33. Rh4 Nf6 34. Rg1 Rc5 35. c4 Rb8 36. Bc2 Rxc4 37. Bd3 Rc3 38. Rd1 Rbb3 39.
Ke2 Kg8 40. f4 Kf8 41. e5 dxe5 42. fxe5 Rb2+ 43. Kf1 Nd7 44. Bxh7 Nxe5 45. Rf4+ Ke8 46.
Be4 Rb6 47. h7 Rh6 48. Ke2 Rc7 49. Rd5 Nf7 50. Bg6 Rxg6 51. Rxf7 Re6+ 52. Kf1 Rh6 53.
Rg7 Rc1+ 54. Kg2 Rch1 55. Rg8+ Kf7 56. Rdg5 Rxh7 57. R8g6 R7h2+ 58. Kf3 Rh3+ 59. Rg3 Rh7 60. R6g4 R1h6 61. Rf4+ Rf6 62. Rxf6+ exf6 63. Kg2 Rh5 64. Rg4 Rg5 65. Rg3 Rxg3+ 66. Kxg3 Kg6 67. Kf3 f5 68. Kf4 Kf6 69. f3 Ke6 70. Kg5 Ke5 71. Kh4 Kf4 0-1

[Event "Late-Titled-Tuesday-Blitz-November-28-2023"]
[Site "Chess.com"]
[Date "2023.11.28"]
[Round "3"]
[White "Aradhya2000"]
[Black "ChristopherYoo"]
[Result "1/2-1/2"]
[WhiteElo "2725"]
[BlackElo "3034"]
[TimeControl "180+1"]
[EndTime "14:28:57 PST"]
[Termination "Game drawn by stalemate"]

1. d4 Nf6 2. c4 g6 3. g3 Bg7 4. Bg2 d6 5. Nc3 Nbd7 6. e3 O-O 7. Nge2 e5 8. O-O Re8 9. b3 h5 10. Bb2 h4 11. dxe5 dxe5 12. gxh4 c6 13. Ng3 Nc5 14. h5 Qxd1 15. Raxd1 gxh5 16. b4 h4 17. bxc5 hxg3 18. hxg3 Be6 19. Rd6 Bf8 20. Rd2 Bxc5 21. Rc1 Bb4 22.
Rdd1 Rad8 23. Rxd8 Rxd8 24. Ne4 Nxe4 25. Bxe4 f6 26. Bc3 Bxc3 27. Rxc3 Rd2 28. Bc2 Kf7 29. Kf1 Ke7 30. Ke1 Rd8 31. c5 Rh8 32. Ra3 a6 33. Bb3 Rh1+ 34. Kd2 Bf5 35. Bc4 Rh2 36. Ke1 Be6 37. Bxe6 Kxe6 38. Rb3 Rh7 39. e4 f5 40. f3 fxe4 41. fxe4 a5 42. a4 Rh2 43. Rxb7 Ra2 44.
Rc7 Rxa4 45. Rxc6+ Kd7 46. Ra6 Rxe4+ 47. Kf2 a4 48.
Kf3 Rc4 49. g4 Rxc5 50. Rxa4 Ke6 51. Ra6+ Kd5 52. g5 Rc3+ 53. Kg4 e4 54. g6 Rc1 55.
Ra5+ Ke6 56. Kf4 Rg1 57. Kxe4 Kf6 58. Ra6+ Kg7 59. Kf5 Rf1+ 60. Kg5 Rg1+ 61. Kf5 Rf1+ 62. Kg5 Rg1+ 63. Kh5 Rg2 64. Ra7+ Kg8 65. Kh6 Rh2+ 66. Kg5 Rg2+ 67. Kf6 Rf2+ 68. Ke6 Rf1 69. Ke5 Rf2 70. Rb7 Rf1 71. Ke6 Rf2 72. Rf7 Rxf7 73. gxf7+ Kf8 74. Kf6 1/2-1/2

[Event "Late-Titled-Tuesday-Blitz-November-28-2023"]
[Site "Chess.com"]
[Date "2023.11.28"]
[Round "3"]
[White "KVAIDAN"]
[Black "TrenerChos"]
[Result "0-1"]
[WhiteElo "2373"]
[BlackElo "2599"]
[TimeControl "180+1"]
[EndTime "14:28:58 PST"]
[Termination "TrenerChos won on time"]

1. f4 e5 2. d3 Nc6 3. Nf3 exf4 4.
Bxf4 Nf6 5. e4 Bc5 6. Nc3 O-O 7. Bg5 h6 8. Bh4 d6 9. Qd2 Be6 10. O-O-O Nd4 11. Kb1 c6 12. Nxd4 Bxd4 13. Ne2 Bb6 14. Nf4 g5 15. Nxe6 fxe6 16. Bg3 Ng4 17. h4 Bf2 18.
Be2 Bxg3 19. Bxg4 Qf6 20. hxg5 hxg5 21. Rh5 Bf4 22. Qb4 b5 23. Rdh1 Be5 24. Rh8+ Qxh8 25. Rxh8+ Kxh8 26. a4 Rab8 27. a5 Rf1+ 28. Ka2 Re8 29.
Qd2 Rf4 30. Be2 Bf6 31. Qe3 c5 32. g3 Bd4 33. Qc1 Rf2 34. Qh1+ Kg7 35. Qh5 Kf8 36. Bg4 Rxc2 37. Qh6+ Bg7 38. Qxg5 Rxb2+ 39. Ka3 b4+ 40.
Ka4 Ra2+ 41. Kb5 Be5 42. Qg6 Rf2 43. Bxe6 Rf6 44. Qg8+ Ke7 45. Qh7+ Kxe6 46. Qh3+ Ke7 47. g4 Kd7 48. g5+ Rfe6 49. g6 Re7 50. Qf5 Kc7 51.
a6 b3 52. Qf8 Re8 53. Qf7+ R6e7 54. Qd5 Rb8+ 55. Kc4 b2 56. d4 Rb4+ 57. Kd3 Rxd4+ 58. Qxd4 Bxd4 59. e5 Rg7 60. exd6+ Kxd6 61. Kc2 Rxg6 62. Kb3 Rg3+ 63. Ka4 b1=Q 64. Ka5 Qb6+ 0-1

[Event "Late-Titled-Tuesday-Blitz-November-28-2023"]
[Site "Chess.com"]
[Date "2023.11.28"]
[Round "3"]
[White "Freeeeeeeeeeeeeeeeee"]
[Black "Chessbard1972"]
[Result "1-0"]
[WhiteElo "2103"]
[BlackElo "2397"]
[TimeControl "180+1"]
[EndTime "14:29:01 PST"]
[Termination "Freeeeeeeeeeeeeeeeee won on time"]

1. d4 Nf6 2. Nf3 g6 3. c4 Bg7 4. Nc3 O-O 5. e4 d6 6. h3 Na6 7.
Bd3 c5 8. d5 e6 9. O-O Re8 10.
Bg5 h6 11. Bh4 g5 12. Bg3 exd5 13. exd5 Nh5 14. Bh2 f5 15. Qc2 Qf6 16. Rfe1 Nc7 17. Rxe8+ Nxe8 18. Re1 Bd7 19. Nd2 Nf4 20. Bxf4 gxf4 21.
Nf3 a6 22. a4 Rb8 23. Qd2 b5 24. axb5 axb5 25. cxb5 Nc7 26. Qxf4 Nxb5 27. Nxb5 Bxb5 28. Re6 Qxb2 29. Qxf5 Bxd3 30. Qxd3 Qb1+ 31. Qxb1 Rxb1+ 32. Kh2 Bf8 33. Nd2 Rd1 34. Re2 h5 35. Kg3 Bh6 36. Ne4 Rd4 37. Nxd6 Bf4+ 38. Kf3 Bxd6 39. g4 h4 40. Re6 Rxd5 41. Rh6 Be7 42. Rc6 Rd3+ 43. Kg2 Rc3 44. g5 c4 45. g6 Rc1 46. Rc8+ Bf8 47. Kf3 c3 48. Ke2 Kg7 49. Kd3 Bb4 50. Rc4 Rb1 51.
Rxh4 Kxg6 52. Rg4+ Kf5 53. Rc4 Rd1+ 54. Ke2 Rd2+ 55. Ke3 c2 56. h4 Ke5 57. h5 Kd5 58.
Rc8 Ba5 59. h6 Rd4 60. h7 Bd2+ 61. Ke2 Rh4 62. Rxc2 Bb4 63. Rc7 Bd6 64. Kf3 Be5 65. Rd7+ Ke6 66. Ra7 Kf5 67. Ra6 Rh3+ 68. Kg2 Rxh7 69.
Ra5 Rg7+ 70. Kf3 Rb7 71. Rd5 Rb3+ 72. Kg2 Ke4 73. Rd7 Rb2 74. Rh7 Bd4 75. Rh4+ Kf5 76. Rh3 Rxf2+ 77. Kg3 Rb2 78. Rh5+ Ke4 79. Rh4+ Kd3 80.
Rg4 Re2 81. Kf3 1-0

[Event "Late-Titled-Tuesday-Blitz-November-28-2023"]
[Site "Chess.com"]
[Date "2023.11.28"]
[Round "3"]
[White "JaackCamel"]
[Black "FM_Kappeler"]
[Result "1-0"]
[WhiteElo "2040"]
[BlackElo "2306"]
[TimeControl "180+1"]
[EndTime "14:29:08 PST"]
[Termination "JaackCamel won by resignation"]

1. d4 Nf6 2. c4 e6 3. Nc3 Bb4 4.
e3 O-O 5. Bd3 d5 6. Ne2 c5 7. O-O Nc6 8. a3 Bxc3 9. bxc3 dxc4 10.
Bxc4 b6 11. a4 Bb7 12. Ba3 Qc7 13. Bd3 Rfd8 14. Ng3 Rac8 15. Rc1 Ne7 16. Nh5 Nxh5 17. Qxh5 Ng6 18. Qg4 Qd7 19. Bb5 Bc6 20. Ba6 Rb8 21.
a5 cxd4 22. cxd4 bxa5 23. h4 Bb5 24. Bxb5 Rxb5 25. h5 Ne7 26. Rc5 Rxc5 27. Bxc5 h6 28. Rb1 Nc6 29. Qg3 a4 30. Ra1 e5 31. Rxa4 Nxd4 32.
Rxd4 exd4 33. Bxd4 f5 34. Qe5 a6 35. Qa5 Ra8 36.
Qa2+ Qf7 37. Qa5 Kh7 38. g3 Qxh5 39. Qe5 Qf7 40. g4 fxg4 41. f4 gxf3 42. Qe4+ Kh8 43. Qxa8+ Kh7 44. Kf2 a5 45. Qxa5 Qg6 46.
Kxf3 Qf5+ 47. Ke2 Qc2+ 48. Kf3 Qf5+ 49. Ke2 Qc2+ 50. Qd2 Qc4+ 51. Kf2 Qf7+ 52. Ke1 Qf3 53. Qd3+ Kg8 54. Kd2 Qf2+ 55. Kc3 Qa2 56. Qc4+ Qxc4+ 57. Kxc4 h5 58. Kd3 h4 59. Ke4 h3 60. Kf3 h2 61. Kg2 Kf7 62. Kxh2 Ke6 63. Kg3 Kd5 64.
Bxg7 Ke4 65. Kf2 Kd3 66. Bf6 Ke4 67. Ke2 Kf5 68. Bd8 Ke4 69. Kd2 Kd5 70. Kd3 Ke6 71. Bh4 Ke5 72. Bg3+ Kd5 73. e4+ Ke6 74. Kd4 Kd7 75. Ke5 Ke7 76. Bh4+ Kf7 77. Kd6 Ke8 78. e5 Kf8 79. Kd7 Kf7 80. e6+ 1-0

[Event "Late-Titled-Tuesday-Blitz-November-28-2023"]
[Site "Chess.com"]
[Date "2023.11.28"]
[Round "3"]
[White "Staudenhocker43"]
[Black "seasidesunset"]
[Result "1-0"]
[WhiteElo "2519"]
[BlackElo "2217"]
[TimeControl "180+1"]
[EndTime "14:29:12 PST"]
[Termination "Staudenhocker43 won by checkmate"]

1. d4 Nf6 2. Bg5 g6 3. Bxf6 exf6 4. e3 Bg7 5. g3 d5 6. Bg2 c6 7. Ne2 O-O 8. Nd2 f5 9. O-O Nd7 10. c4 dxc4 11. Nxc4 Nf6 12. Qc2 Re8 13. b4 Ne4 14.
Nc3 Nd6 15. Na4 Be6 16. Nxd6 Qxd6 17. Nc5 Rab8 18. Rfc1 Bd5 19. Bxd5 Qxd5 20. Qb3 Qf3 21. Qd1 Qd5 22. Qf1 g5 23. Qg2 Qxg2+ 24. Kxg2 f4 25. gxf4 gxf4 26. Kf3 fxe3 27. fxe3 b6 28. Nd3 Re6 29.
Nf4 Rh6 30. Rc2 c5 31. bxc5 bxc5 32. Rg1 Kf8 33. dxc5 Re8 34. c6 Rc8 35. Rgc1 Be5 36. Ke4 Bxf4 37. exf4 Re6+ 38. Kf3 Rh6 39. c7 Rb6 40. Kg4 Rb5 41. Rc5 Rb6 42. R1c2 Rg6+ 43. Kf3 Rb6 44. Rh5 h6 45. Ra5 a6 46. Rac5 Ke7 47.
Rc6 Rxc6 48. Rxc6 Kd7 49. Rxh6 a5 50. Ra6 Rxc7 51. Rxa5 Ke6 52. h4 f5 53. Ra6+ Kf7 54. h5 Rc3+ 55. Kg2 Rc2+ 56. Kg3 Rc3+ 57. Kh4 Rc5 58.
Kg5 Kg7 59. Ra7+ Kh8 60. a4 Rc6 61. Kxf5 Rc5+ 62. Kg6 Rc6+ 63. Kg5 Rc5+ 64. f5 Rc1 65.
a5 Rg1+ 66. Kf6 Rg7 67. Ra8+ Kh7 68. a6 Rg3 69. Ke7 Re3+ 70. Kf7 Rf3 71. f6 Rg3 72. Ke6 Re3+ 73. Kd5 Rf3 74. Ke5 Re3+ 75. Kf5 Rf3+ 76. Ke6 Re3+ 77. Kd6 Rd3+ 78. Ke7 Re3+ 79. Kf8 Rf3 80. f7 Rh3 81. Re8 Re3 82. Rxe3 Kh8 83.
a7 Kh7 84. a8=Q Kh6 85. Ke7 Kg5 86. Qg8+ Kh6 87. Qg6# 1-0

[Event "Late-Titled-Tuesday-Blitz-November-28-2023"]
[Site "Chess.com"]
[Date "2023.11.28"]
[Round "3"]
[White "Angry_Twin"]
[Black "DawnofEpiphany"]
[Result "1-0"]
[WhiteElo "2945"]
[BlackElo "2647"]
[TimeControl "180+1"]
[EndTime "14:29:15 PST"]
[Termination "Angry_Twin won on time"]

1. d4 e6 2. c4 b6 3. Nf3 Bb7 4. g3 Bb4+ 5. Bd2 Bxf3 6. exf3 Bxd2+ 7.
Qxd2 Ne7 8. Bg2 d5 9. f4 O-O 10. Nc3 Nbc6 11. cxd5 Nxd5 12. O-O Nce7 13. Rac1 c6 14.
Rfd1 Rc8 15. Ne4 Qd7 16. Ng5 Nf6 17. Nf3 Rfd8 18. Ne5 Qd6 19. Qc2 Nfd5 20. a3 Rc7 21. Qa4 Rdc8 22. b4 Nf5 23. h3 h5 24. h4 g6 25. Qb3 Nde7 26. Qb2 Rd8 27. Nc4 Qd7 28.
Ne5 Qd6 29. Nf3 Nd5 30. Rd2 Nf6 31. Rcd1 Ne4 32. Re2 Nf6 33. Ree1 Nd5 34. Ne5 Nde7 35. Nf3 Nd5 36. Bf1 Nde7 37. Bh3 Rdc8 38. Ne5 Rd8 39.
Nf3 Rdc8 40. Rd2 Rd8 41. Qb3 Rcd7 42. Rc1 Qb8 43. Rcd1 Qc7 44. Qb2 Qb7 45. Ne5 Rd6 46.
Bg2 Qc7 47. Be4 Qc8 48. Qc3 Nd5 49. Bxd5 cxd5 50. Qd3 Qb7 51. Rc2 Rc8 52. Rdc1 Rxc2 53. Rxc2 Rd8 54. Nc6 Rc8 55. b5 Nd6 56. a4 Qd7 57. f3 Kg7 58. g4 Rh8 59. Rh2 Qc7 60.
Qe3 Nc4 61. Qc1 a6 62. Kg2 axb5 63. axb5 Qd6 64. f5 gxf5 65. gxf5 Kf8 66. Kg1 Qg3+ 67. Rg2 Qxh4 68. fxe6 fxe6 69. Qa1 Nd6 70. Qa8+ Ne8 71. Qa3+ Kf7 72. Qe3 Kf6 73. Qe5+ Kf7 74. Qe3 Kf8 75. Ne5 Rg8 76. Ng6+ Rxg6 77. Rxg6 Ng7 78. Qe5 Nf5 79. Qxe6 1-0